 Dungeon Crawl Stone Soup version 0.28-a0-872-g80cf8599ee (webtiles) character file.

Game seed: 615764311780248659

32 croobank the Sneak (level 2, -4/26 HPs)
             Began as a Demigod Delver on Nov 20, 2021.
             Slain by an iguana (12 damage)
             ... on level 3 of the Dungeon.
             The game lasted 00:07:37 (776 turns).

croobank the Sneak (Demigod Delver)                  Turns: 776, Time: 00:07:37

Health: -4/26      AC:  4    Str: 13    XL:     2   Next: 93%
Magic:  4/4        EV: 12    Int: 12    God:
Gold:   46         SH:  0    Dex: 15    Spells: 1/1 levels left

rFire   . . .      SeeInvis .   i - +2 long sword (protect)
rCold   . . .      Faith    .   (no shield)
rNeg    . . .      Spirit   .   b - +0 leather armour
rPois   +          Reflect  .   (no helmet)
rElec   .          Harm     .   h - +0 cloak {rPois}
rCorr   .          Rampage  .   (no gloves)
Will    .....                   (no boots)
Stlth   +++.......              (no amulet)
HPRegen 0.08/turn               (no ring)
MPRegen 0.09/turn               (no ring)

@: no status effects
A: high mp 1, forlorn
a: no special abilities


You were on level 3 of the Dungeon.
You visited 1 branch of the dungeon, and saw 3 of its levels.

You collected 46 gold pieces.

Inventory:

Hand Weapons
 a - a +0 hand axe
 i - a +2 long sword of protection (weapon)
 p - a +0 trident
 q - a +0 mace
 u - a +0 short sword
Missiles
 l - 18 poisoned darts (quivered)
 r - 2 boomerangs
 s - 24 stones
Armour
 b - a +0 leather armour (worn)
 e - a +0 buckler
 h - a +0 cloak of poison resistance (worn)
 j - a +0 ring mail
Wands
 f - a wand of charming (6)
 g - a wand of digging (3)
Scrolls
 c - a scroll of fog
 d - a scroll of magic mapping
 k - 2 scrolls of identify {unknown}
 m - a scroll of amnesia {unknown}
 o - a scroll of enchant weapon {unknown}
Potions
 n - a potion of curing {unknown}
 t - a potion of flight {unknown}


   Skills:
 + Level 3.1 Fighting
 * Level 1.8 Long Blades
 - Level 1.7 Axes
 + Level 0.2 Armour
 + Level 1.8 Dodging
 - Level 4.5 Stealth


You had one spell level left.
You didn't know any spells.
Your spell library was empty.

Dungeon Overview and Level Annotations

Branches:
Dungeon (5/15)
 Temple: D:4-7

Shops:
D:3 [

Annotations:
D:3 Grinder


Innate Abilities, Weirdness & Mutations

Your attributes grow dramatically as you level up.
You have an increased reservoir of magic. (+10% MP)
You shall have no god before yourself.


Message History

Press: ? - help, Dir - move target, f/p - Grinder
Aim: Grinder (about 43% to evade your +2 long sword of protection)
Okay, then.
Aiming: Charm
Press: ? - help, Shift-Dir - straight line, f/p - Grinder
Aim: Grinder (chance to affect: 46%) Grinder resists with some effort.
The ball python hisses angrily.
Grinder closely misses you.
Aiming: Charm
Press: ? - help, Shift-Dir - straight line, f/p - Grinder
Aim: Grinder (chance to affect: 46%) Grinder resists with some effort.
Grinder hits you but does no damage.
Aiming: Charm
Press: ? - help, Shift-Dir - straight line, f/p - Grinder
Aim: Grinder (chance to affect: 46%) Grinder is charmed.
The hobgoblin hits you.
The goblin misses Grinder.
The goblin shouts!
The hobgoblin misses you. The hobgoblin misses you.
An iguana comes into view.
The goblin misses Grinder.
The iguana hisses angrily.
You slash the hobgoblin!
Your weapon exudes an aura of protection.
You kill the hobgoblin!
The goblin hits Grinder with a +0 club.
Grinder hits the goblin.
The goblin dies!
A giant cockroach comes into view.
You feel a bit more experienced.
A dart slug comes into view.
Grinder blinks!
The iguana bites you!
The goblin hits Grinder but does no damage.
Grinder blinks!
The goblin closely misses you.
There is an open door here.
The iguana bites you!
You die...

### ..#
###############.#
#........#....#.#
#.######.#+##.#.#
#######.######......#.##
..........SB.gl@.......#
....#'#.######......#.##
......S.# ##.......#
........## #.....###
.5....B..##
#.....########
..........#
#............#
#...#...#.#
#............#
.....###..#
#......∩.....# .'#..
#.## #####...†....#


You could see an iguana, a giant cockroach, a goblin and a ball python.

Vanquished Creatures
  An adder (D:3)
  3 orcs (D:3)
  2 ball pythons
  An endoplasm (D:3)
  A goblin (D:4)
  3 hobgoblins (D:3)
  A kobold (D:3)
  A quokka (D:3)
  A frilled lizard (D:3)
  2 rats (D:3)
16 creatures vanquished.

Vanquished Creatures (collateral kills)
  A ball python (D:3)
  A goblin (D:3)
2 creatures vanquished.

Vanquished Creatures (others)
  10 plants (D:3)
10 creatures vanquished.

Grand Total: 28 creatures vanquished

Notes
Turn   | Place    | Note
-------+----------+-------------------------------------------
     0 | D:5      | croobank the Demigod Delver began the quest for the Orb.
     0 | D:5      | Reached XP level 1. HP: 18/18 MP: 3/3
    36 | D:5      | Noticed a hound
    58 | D:5      | Noticed a black bear
   107 | D:4      | Noticed a gnoll shaman
   139 | D:4      | Noticed an orc wizard
   517 | D:3      | Reached skill level 1 in Long Blades
   529 | D:3      | Reached XP level 2. HP: 20/26 MP: 4/4
   694 | D:3      | Found Reick's Antique Armour Shoppe.
   753 | D:3      | Noticed Grinder
   776 | D:3      | Slain by an iguana

Illustrated notes

Levels and vault maps discovered:
D:3:      minmay_door_path, layout_basic, mainiacjoe_overflow_tiny_flanked,
          serial_shops, shop, st_stairs_14, serial_bayou_pond_c,
          minmay_fractal_squares_diagonal_5, uniq_grinder
D:4:      layout_cave_pods
D:5:      layout_basic, temple_statues, goddamned_bats

Skill      XL: |  1 |
---------------+----+-----
Long Blades    | 1 |  1.8
Fighting       | 3 |  3.1
Axes           | |  1.7
Armour         | |  0.2
Dodging        | |  1.8
Stealth        | |  4.5

Action                   || total
-------------------------++-------
Melee: Long sword        ||    39
Throw: Dart              ||     1
Evoke: Wand              ||     4
  Use: Scroll            ||     2
       Potion            ||     1
 Stab: Sleeping          ||     4
Armor: Leather armour    ||    13
Dodge: Dodged            ||    31

Table legend: (Time is in decaauts)
 A = Elapsed time spent in this place.
 B = Non-inter-level travel time spent in this place.
 C = Inter-level travel time spent in this place.
 D = Time resting spent in this place.
 E = Time spent auto-exploring this place.
 F = Levels seen in this place.
 G = Mean time per level.
                   A        B        C        D        E       F      G
               +--------+--------+--------+--------+--------+-----+--------+
         Total |    775 |    775 |      0 |    335 |    149 |   3 |  258.3 |
       Dungeon |    775 |    775 |      0 |    335 |    149 |   3 |  258.3 |
               +--------+--------+--------+--------+--------+-----+--------+

Top non-repeatable levels by time:
     D:3: 604 daAuts
     D:4: 100 daAuts
     D:5: 70 daAuts
